 Dungeon Crawl Stone Soup version 0.28.0-53-g5a82cb258f (webtiles) character file.

Game seed: 1700060261051393033

452 LustLizard the Chopper (level 6, 0/85 HPs)
             Began as a Minotaur Berserker on July 18, 2022.
             Was a Believer of Trog.
             Slain by an orc priest
             ... wielding a +0 war axe
              (6 damage)
             ... on level 3 of the Dungeon.
             The game lasted 00:04:07 (2796 turns).

LustLizard the Chopper (Minotaur Berserker)         Turns: 2796, Time: 00:04:08

Health: 0/85       AC:  8    Str: 24    XL:     6   Next: 75%
Magic:  5/5        EV: 10    Int:  4    God:    Trog [**....]
Gold:   156        SH:  0    Dex:  9    Spells: 5/5 levels left

rFire   . . .      SeeInvis .   a - +0 hand axe
rCold   . . .      Faith    .   (no shield)
rNeg    . . .      Spirit   .   j - +0 scale mail
rPois   .          Reflect  .   k - +2 hat
rElec   .          Harm     .   (no cloak)
rCorr   .          Rampage  .   (no gloves)
Will    .....                   (no boots)
Stlth   ..........              (no amulet)
HPRegen 0.24/turn               (no ring)
MPRegen 0.09/turn               (no ring)

@: berserking, very quick
A: horns 2, retaliatory headbutt
a: Renounce Religion, Berserk, Trog's Hand


You were on level 3 of the Dungeon.
You worshipped Trog.
Trog was pleased with you.
You visited 1 branch of the dungeon, and saw 3 of its levels.

You collected 156 gold pieces.

Inventory:

Hand Weapons
 a - a +0 hand axe (weapon)
Missiles
 g - 86 stones (quivered)
Armour
 b - a +0 animal skin
 e - a +0 leather armour
 j - a +0 scale mail (worn)
 k - a +2 hat (worn)
Scrolls
 f - 2 scrolls of teleportation {unknown}
 h - a scroll of enchant weapon {unknown}
 i - a scroll of identify {unknown}
 n - a scroll of fear {unknown}
Potions
 c - 2 potions of might {unknown}
 d - 3 potions of curing {unknown}
 l - a potion of brilliance {unknown}
 m - a potion of mutation {unknown}


   Skills:
 + Level 6.0 Fighting
 * Level 7.9 Axes
 - Level 2.4 Armour
 - Level 2.1 Dodging


You had 5 spell levels left.
You didn't know any spells.
Your spell library was empty.

Dungeon Overview and Level Annotations

Branches:
Dungeon (3/15)

Altars:
Wu Jian


Innate Abilities, Weirdness & Mutations

You have a pair of horns on your head.
You reflexively headbutt those who attack you in melee.


Message History

The orc priest invokes the aid of Beogh against you.
Pain shoots through your body! The orc misses you.
The orc hits you but does no damage.
Unknown command.
You barely miss the orc priest. You hit the orc. x2
You kill the orc!
Trog accepts your kill.
The orc priest invokes the aid of Beogh against you.
You barely resist. The orc hits you but does no damage.
You hit the orc priest but do no damage.
You hit the orc.
You kill the orc!
Trog accepts your kill. The orc priest closely misses you.
The orc priest hits you with a +0 hand axe!
You slash the orc priest!
The orc priest is heavily wounded.
The orc priest mumbles some strange prayers to Beogh against you.
Pain shoots through your body! The orc priest barely misses you.
You hit the orc priest.
The orc priest is severely wounded.
The orc priest miscasts a cantrip.
The orc priest invokes the aid of Beogh against you.
Beogh smites you!
You hit the orc priest.
The orc priest is almost dead.
You slash the orc!
The orc priest invokes the aid of Beogh against you.
Beogh smites you!
* * * LOW HITPOINT WARNING * * *
The orc hits you with a +0 club.
* * * LOW HITPOINT WARNING * * *
The orc priest calls upon Beogh to heal the orc.
The orc is healed somewhat.
A red film seems to cover your vision as you go berserk!
You feel yourself moving faster!
You feel mighty!
The orc priest hits you with a +0 hand axe!
* * * LOW HITPOINT WARNING * * *
The orc priest hits you with a +0 war axe.
You die...

.((....................
...........#..........
...(.......#>.........
##........#..........
#####...)..###..........
...........# #..........
...........# #..........
......o)...###..........
....#o@..#.......))##..
......)o............##..
...................###..
............####<.......
..#...................##
.....###................
.....###..............##
......................#
........#..........#


You could see 2 orc priests and an orc.

Vanquished Creatures
  A water moccasin (D:3)
  An ogre (D:2)
  A water moccasin zombie (D:3)
  Natasha (thrice) (D:2)
  Robin (D:2)
  4 adders
  A dart slug (D:2)
  4 orcs (D:3)
  3 bats
  6 endoplasms
  2 giant cockroaches (D:1)
  18 goblins
  9 hobgoblins
  3 jackals (D:2)
  7 kobolds
  4 ball pythons
  A frilled lizard (D:1)
  6 rats
75 creatures vanquished.

Notes
Turn   | Place    | Note
-------+----------+-------------------------------------------
     0 | D:1      | LustLizard the Minotaur Berserker began the quest for the
                  | Orb.
     0 | D:1      | Reached XP level 1. HP: 19/19 MP: 0/0
   188 | D:1      | Reached skill level 4 in Axes
   337 | D:1      | Reached XP level 2. HP: 23/27 MP: 1/1
   870 | D:2      | Reached XP level 3. HP: 28/33 MP: 2/2
   943 | D:2      | Noticed an ogre
   951 | D:2      | Killed an ogre
   952 | D:2      | Reached skill level 5 in Axes
   952 | D:2      | Reached XP level 4. HP: 27/41 MP: 3/3
  1084 | D:2      | Reached ** piety under Trog
  1221 | D:2      | Reached skill level 6 in Axes
  1222 | D:2      | Noticed Robin
  1227 | D:2      | Killed Robin
  1228 | D:2      | Reached XP level 5. HP: 37/47 MP: 4/4
  1229 | D:2      | Reached skill level 5 in Fighting
  1566 | D:2      | Found an ornate altar of the Wu Jian Council.
  1587 | D:2      | Noticed Natasha
  1595 | D:2      | Killed Natasha
  1686 | D:2      | Noticed Natasha
  1695 | D:2      | Killed Natasha
  1730 | D:2      | Noticed Natasha
  1733 | D:2      | Killed Natasha
  2141 | D:2      | Reached skill level 7 in Axes
  2345 | D:3      | Reached XP level 6. HP: 54/56 MP: 5/5
  2579 | D:3      | Noticed a water moccasin
  2586 | D:3      | Killed a water moccasin
  2796 | D:3      | Slain by an orc priest

Illustrated notes

Levels and vault maps discovered:
D:1:      saegor_arrival_simple_d, layout_basic
D:2:      minmay_inner_zag, layout_loops_ring, basic_altar, uniq_robin,
          uniq_natasha
D:3:      layout_basic, fountainhead, hangedman_decor_clover_reticule,
          grunt_ministairs_2, chequers_arboretum

Skill      XL: |  1  2  3  4  5  6 |
---------------+-------------------+-----
Axes           | 4 5 6 7 |  7.9
Fighting       | 4 5 6 |  6.0
Armour         | |  2.4
Dodging        | |  2.1

Action                   |  1- 3 |  4- 6 || total
-------------------------+-------+-------++-------
Melee: Hand axe          |    49 |   122 ||   171
       Headbutt          |     4 |    15 ||    19
Throw: Stone             |     6 |    26 ||    32
Invok: Berserk           |     1 |     1 ||     2
       Trog's Hand       |       |     1 ||     1
Armor: Animal skin       |     1 |       ||     1
       Leather armour    |     6 |     6 ||    12
       Scale mail        |       |    20 ||    20
Dodge: Dodged            |    29 |    65 ||    94
